 Dungeon Crawl Stone Soup version 0.31-a0-662-g684573625c (webtiles) character file.

Game seed: 1831929278887535835

169452 DocEon the Brawler (level 17, 0/150 HPs)
             Began as a Grey Draconian Shapeshifter on Sept 1, 2023.
             Was a High Priest of Elyvilon.
             Slain by a guardian serpent (1 damage)
             ... on level 4 of the Snake Pit.
             The game lasted 00:59:06 (39992 turns).

DocEon the Brawler (Grey Draconian Shapeshifter)   Turns: 39992, Time: 00:59:07

Health: 0/150      AC: 25    Str: 20    XL:     17   Next: 35%
Magic:  25/27      EV: 16    Int: 14    God:    Elyvilon [*****.]
Gold:   824        SH:  5    Dex: 12    Spells: 7/22 levels left

rFire   . .          .
                       - Unarmed
rCold   + . .        (shield currently unavailable)
rNeg    . . .        (body armour unavailable)
rPois   +            F - +2 hat
rElec   .            (no cloak)
rCorr   .            (gloves currently unavailable)
SInv    +            M - +4 pair of boots "Heken" {rC+}
Will    +....        y - amulet of reflection
Stlth   +            k - +4 ring of protection
HPRegen 0.45/turn    V - ring "Uteic" {rPois SInv}
MPRegen 0.20/turn

%: reflection
@: about to teleport, blade hands, weakened
A: AC +14, amphibious, unfitting armour, cold-blooded
a: Begin Untransformation, Renounce Religion, Purification, Heal Other, Heal
Self, Divine Vigour


You were on level 4 of the Snake Pit.
You worshipped Elyvilon.
Elyvilon was extremely pleased with you.
You had blades for hands.
You visited 4 branches of the dungeon, and saw 26 of its levels.
You also visited: Bailey.

You collected 2678 gold pieces.
You spent 1854 gold pieces at shops.

Inventory:

Missiles
 u - a throwing net
 C - 10 atropa-tipped darts
Armour
 o - the -1 pair of gloves "Wuzutiad" {rPois rF++ Str+2}
   (You acquired it on level 1 of the Snake Pit)

   Str+2:     It affects your strength (+2).
   rF++:      It greatly protects you from fire.
   rPois:     It protects you from poison
 p - the +2 shield of Resistance {rF++ rC++ Will++}
   (You bought it in a shop on level 4 of the Snake Pit)

   rF++:      It greatly protects you from fire.
   rC++:      It greatly protects you from cold.
   Will++:    It greatly increases your willpower.
 F - a +2 hat (worn)
 M - the +4 pair of boots "Heken" (worn) {rC+}
   (You found it on level 11 of the Dungeon)

   rC+:       It protects you from cold.
 X - a +1 tower shield of fire resistance
 Y - a +0 pair of gloves
Jewellery
 a - a ring of resist corrosion
 k - a +4 ring of protection (left blade hand)
 y - an amulet of reflection (around neck)
 J - a ring of see invisible
 O - a +4 ring of protection
 V - the ring "Uteic" (right blade hand) {rPois SInv}
   (You took it off a necromancer on level 5 of the Lair of Beasts)

   [ring of see invisible]

   rPois:     It protects you from poison SInv: It lets you see invisible.
Talismans
 b - a beast talisman
 c - a flux talisman
 n - a blade talisman (active)
 z - a granite talisman
 T - a storm talisman
 Z - a serpent talisman
Wands
 s - a wand of mindburst (37)
 t - a wand of acid (17)
 v - a wand of paralysis (10)
 A - a wand of roots (20)
 K - a wand of digging (7)
 N - a wand of flame (33)
Scrolls
 h - 5 scrolls of vulnerability
 j - 3 scrolls of poison
 r - 2 scrolls of butterflies
 w - 8 scrolls of identify
 x - 7 scrolls of teleportation
 D - 3 scrolls of revelation
 G - 6 scrolls of blinking
 I - a scroll of fog
 P - 2 scrolls of enchant weapon
 S - a scroll of brand weapon
 W - 3 scrolls of amnesia
Potions
 d - 4 potions of attraction
 e - 4 potions of haste
 f - 3 potions of curing
 g - 5 potions of brilliance
 i - 6 potions of ambrosia
 l - 4 potions of cancellation
 m - 2 potions of enlightenment
 q - 2 potions of lignification
 B - 7 potions of mutation
 E - a potion of magic
 H - a potion of might
 L - 2 potions of invisibility
 Q - a potion of berserk rage


   Skills:
 + Level 13.6 Fighting
 + Level 11.6 Dodging
 * Level 16.0 Unarmed Combat
 - Level 3.0 Spellcasting
 - Level 3.0 Transmutations
 - Level 15.2 Earth Magic
 + Level 13.6 Invocations
 * Level 14.8 Shapeshifting


You had 7 spell levels left.
You knew the following spells:

 Your Spells              Type           Power      Damage    Failure   Level
a - Confusing Touch       Hex            2%         N/A       54%         3
b - Passwall              Tmut/Erth      22%        N/A       1%          2
c - Petrify               Tmut/Erth      27%        N/A       4%          4
d - Blink                 Tloc           4%         N/A       32%         2
e - Leda's Liquefaction   Hex/Erth       11%        N/A       10%         4

Your spell library contained the following spells:

 Spells                   Type           Power      Damage    Failure   Level
 Sting                    Tmut/Pois      24%        1d4       12%         1
 Apportation              Tloc           4%         N/A       22%         1
 Kiss of Death            Conj/Necr      8%         2d6       22%         1
 Slow                     Hex            8%         N/A       22%         1
 Summon Small Mammal      Summ           8%         N/A       22%         1
 Ensorcelled Hibernation  Hex/Ice        4%         N/A       32%         2
 Lesser Beckoning         Tloc           4%         N/A       32%         2
 Momentum Strike          Conj/Tloc      4%         3d8       32%         2
 Poisonous Vapours        Pois/Air       4%         N/A       32%         2
 Call Canine Familiar     Summ           2%         N/A       54%         3
 Inner Flame              Hex/Fire       2%         N/A       54%         3
 Summon Guardian Golem    Hex/Summ       2%         N/A       54%         3
 Swiftness                Air            2%         N/A       54%         3
 Vampiric Draining        Necr           2%         2d6       54%         3
 Cause Fear               Hex            1%         N/A       91%         4
 Dispel Undead            Necr           2%         3d7       91%         4
 Flame Wave               Conj/Fire      2%         2d4       91%         4
 Olgreb's Toxic Radiance  Pois           2%         N/A       91%         4
 Sticky Flame             Conj/Fire      2%         2d3       91%         4
 Vhi's Electric Charge    Tloc/Air       4%         N/A       91%         4
 Arcjolt                  Conj/Air       1%         1d11      99%         5
 Fireball                 Conj/Fire      1%         3d3       99%         5
 Plasma Beam              Fire/Air       1%         2x1d11    100%        6
 Discord                  Hex            1%         N/A       100%        8
 Ignition                 Fire           1%         3d3       100%        8
 Dragon's Call            Summ           1%         N/A       100%        9


Dungeon Overview and Level Annotations

Branches:
Dungeon (15/15)            Temple (0/1) D:6            Lair (5/5) D:11
  Swamp (0/4) Lair:2        Snake (4/4) Lair:3        Slime (0/5) Lair:4
    Orc (2/2) D:10            Elf (0/3) Orc:2        Vaults (0/5) D:14
 Depths (0/4) D:15         Bailey (visited)

Altars:
Cheibriados
Elyvilon
Fedhas
Gozag
Hepliaklqana
Okawaru
Ru
Trog
Wu Jian
Xom
Zin

Shops:
D:5 *   D:6 *   D:13 :   Orc:1 (!(   Orc:2 [!**[   Snake:2 [   Snake:3 !
Snake:4 *[

Annotations:
D:4 AiryTheDragon's ghost, novice DsIE
D:15 exclusion: obsidian statue
Lair:1 exclusion: oklob plant
Lair:5 exclusion: obsidian statue


Innate Abilities, Weirdness & Mutations

You have blades for hands.
You are incapable of wielding weapons or throwing items.
Your dull iron-grey scales are very hard. (AC +14)
You are amphibious.
You cannot fit into any form of body armour.
You are cold-blooded and may be slowed by cold attacks.


Message History

You slash the guardian serpent!
The guardian serpent is almost dead.
The guardian serpent coils itself and waves its upper body at you.
The naga sharpshooter mumbles some strange words.
The naga sharpshooter magically shoots an arrow.
The arrow hits you!!
* * * LOW HITPOINT WARNING * * *
You block the guardian serpent's attack.
The naga loses its grip on you.
The salamander tyrant gazes fiercely through you!
You feel as though you will be weak longer.
The salamander tyrant closely misses you.
The salamander completely misses you.
You hit the guardian serpent but do no damage.
The guardian serpent is almost dead.
The naga sharpshooter looks more healthy.
The naga sharpshooter shoots an arrow.
You block the arrow with an invisible shield... and reflect it back!
The arrow hits the naga sharpshooter!!
The guardian serpent closely misses you.
The guardian serpent completely misses you.
The salamander mystic hits you but does no damage.
Okay, then.
You are healed.
The naga sharpshooter shoots an arrow.
The arrow hits you but does no damage.
You block the guardian serpent's attack.
The guardian serpent barely misses you. The guardian serpent hits you!
* * * LOW HITPOINT WARNING * * *
The salamander tyrant calls gouts of flame from the lava!
The flame surge hits you!! Elyvilon protects you from harm!
The salamander barely misses you.
The salamander mystic hits you but does no damage.
The salamander hits you but does no damage.
The naga sharpshooter gestures wildly while chanting.
The naga sharpshooter magically shoots an arrow.
The arrow hits you!!
* * * LOW HITPOINT WARNING * * *
The guardian serpent hits you.
You die...

#....######.........###.8.##
#...## ###.......# ##### ##..##
##......## ##..)## ##.......#
.#..))### ###..).....#
.###....#####.....)....## .#
###.........).)......# ##### .#
###.......NNS......###...### ##
#...##.(N@N##....##....... #
#...###'SS###............. #
##..###..§NN###............ #
##..##...≈§§§..##........... ##
##..##.#..≈§≈§.#.#........###
.####..###.#..≈≈≈§.#.##......##
.†....## #.#..≈§≈..#.####....#
....).# #...≈≈§N..## ##...#
#....## ###.....### #...#


You could see a naga sharpshooter (fast), a salamander tyrant, a salamander
mystic, 2 salamanders, 3 guardian serpents and a naga (fast, catching breath).

Vanquished Creatures
  Jorgrun (Orc:1)
  Kirke (Lair:3)
  Gastronok (D:12)
  Donald (Snake:1)
  Aizul (Snake:1)
  Roxanne (Snake:1)
  3 nagarajas
  An orc warlord (Orc:2)
  Louise (D:15)
  An eleionoma (Lair:2)
  2 dire elephants (Lair:5)
  2 ice dragons (D:15)
  2 salamander tyrants (Snake:3)
  6 vault guards
  4 hydras
  An ogre mage (D:14)
  Erolcha (D:12)
  The ghost of javelincjr the Magician, a journeyman DsFE of Sif Muna (D:11)
  4 boulder beetles
  15 anacondas
  6 centaur warriors
  A death knight (D:14)
  3 tengu warriors
  5 two-headed ogres
  A catoblepas (D:15)
  7 naga warriors
  An orc high priest (Orc:2)
  Urug (Lair:5)
  6 naga sharpshooters
  9 shock serpents
  Sonja (D:10)
  2 spectral death yaks (Lair:5)
  5 salamander mystics
  A skeletal warrior (D:14)
  10 naga ritualists
  A spectral anaconda (Lair:5)
  A phantasmal warrior (D:14)
  A deep elf archer (D:12)
  10 orc knights
  A lindwurm (Lair:5)
  2 deep elf pyromancers (D:13)
  3 necromancers (Lair:5)
  The ghost of arthad the Shield-Bearer, a novice FoFi (D:6)
  8 orc sorcerers
  13 mana vipers
  16 ugly things
  A manticore (D:12)
  4 cyclopes
  10 salamanders
  2 wolf spiders (Lair:2)
  5 guardian serpents
  6 elephants (Lair:5)
  19 naga magi
  5 gargoyles
  37 black mambas
  A dire elephant skeleton (Lair:5)
  A komodo dragon (shapeshifter) (D:14)
  16 cane toads
  A yaktaur (D:14)
  2 rime drakes
  2 kobold demonologists
  A freezing wraith (D:14)
  5 komodo dragons
  An efreet (D:14)
  A tengu conjurer (D:13)
  7 trolls
  4 polar bears
  Prince Ribbit (Bailey)
  16 blink frogs
  8 saltlings (Orc:2)
  10 slime creatures
  A centaur simulacrum (D:14)
  A shadow (D:12)
  A vampire (D:13)
  A dire elephant simulacrum (Lair:5)
  52 yaks
  4 wraiths
  3 wyverns
  A water elemental (D:11)
  A yak (shapeshifter) (D:13)
  9 humans
  7 hogs (Lair:3)
  5 basilisks
  3 steam dragons
  2 vampire mosquitoes (D:14)
  3 wargs
  49 nagas
  An acid dragon (D:11)
  2 spectral cane toads (Lair:5)
  22 water moccasins
  2 ice beasts (D:5)
  25 orc warriors
  2 sky beasts
  8 ogres
  13 wolves
  3 elephant zombies (Lair:5)
  7 black bears
  5 centaurs
  4 kobold brigands
  4 phantoms
  25 bullfrogs
  A gnoll sergeant (D:9)
  2 cane toad simulacra (Lair:5)
  7 scorpions
  9 wights
  7 killer bees (D:9)
  An elephant simulacrum (Lair:5)
  3 troll zombies (D:10)
  9 electric eels
  4 howler monkeys
  A jelly (D:6)
  3 hounds
  2 gnoll boudas (D:4)
  18 orc priests
  3 iguanas
  15 orc wizards
  5 hell rats (Lair:5)
  3 ogre zombies (D:10)
  22 gnolls
  9 adders
  An ufetubus (D:5)
  A worm (D:4)
  3 dart slugs
  63 orcs
  4 endoplasms
  14 giant cockroaches
  11 goblins
  4 hobgoblins
  18 kobolds
  2 quokkas (D:1)
  3 ball pythons
  6 bats
  4 frilled lizards
  3 goblin skeletons (D:10)
  3 goblin zombies (D:10)
  3 hobgoblin skeletons (D:10)
  2 orc skeletons (D:10)
  8 orc zombies (D:10)
  4 rats
879 creatures vanquished.

Vanquished Creatures (others)
  A naga (Snake:4)
  An electric eel (D:10)
  2 orc wizards (D:9)
  A hell rat (Lair:5)
  5 orcs
10 creatures vanquished.

Grand Total: 889 creatures vanquished

Notes
Turn   | Place    | Note
-------+----------+-------------------------------------------
     0 | D:1      | DocEon the Draconian Shapeshifter began the quest for the
                  | Orb.
     0 | D:1      | Reached XP level 1. HP: 16/16 MP: 1/1
   267 | D:1      | Reached XP level 2. HP: 23/23 MP: 2/2
   419 | D:1      | Found a faded altar of an unknown god.
   657 | D:1      | Prayed at the altar of an unknown god.
   657 | D:1      | Became a worshipper of Elyvilon the Healer
   657 | D:1      | Reached * piety under Elyvilon
   790 | D:2      | Reached ** piety under Elyvilon
   860 | D:2      | Reached XP level 3. HP: 28/28 MP: 3/3
  1550 | D:3      | Reached *** piety under Elyvilon
  1550 | D:3      | Noticed a scorpion
  1566 | D:3      | Killed a scorpion
  1567 | D:3      | Reached skill level 5 in Shapeshifting
  1567 | D:3      | Reached XP level 4. HP: 29/35 MP: 4/4
  1602 | D:3      | You fall into a shaft and drop 1 floor!
  1642 | D:4      | Reached XP level 5. HP: 17/40 MP: 5/5
  1752 | D:4      | Found a transporter.
  1753 | D:4      | Found a transporter.
  2043 | D:3      | Reached **** piety under Elyvilon
  2589 | D:4      | Learned a level 3 spell: Confusing Touch
  2877 | D:4      | Noticed AiryTheDragon's ghost (novice DsIE)
  2907 | D:4      | Reached skill level 1 in Invocations
  2910 | D:4      | Reached XP level 6. HP: 45/47 MP: 5/7
  3157 | D:4      | Your scales start taking on a dull iron-grey colour.
  3157 | D:4      | Reached XP level 7. HP: 27/52 MP: 7/9
  3422 | D:5      | Entered Level 5 of the Dungeon
  3820 | D:5      | Reached ***** piety under Elyvilon
  3838 | D:5      | Found a bloodstained altar of Trog.
  3841 | D:5      | Found a shimmering altar of Xom.
  4069 | D:5      | Found Ysua's Fire Supplies.
  4112 | D:5      | Reached XP level 8. HP: 28/62 MP: 10/10
  4309 | D:5      | Reached skill level 4 in Unarmed Combat
  4977 | D:6      | Found a snail-covered altar of Cheibriados.
  5061 | D:6      | Found a runed translucent gate.
  5061 | D:6      | Found a runed translucent gate.
  5062 | D:6      | Found a runed translucent gate.
  5068 | D:6      | Noticed arthad's ghost (novice FoFi)
  5098 | D:6      | Found a staircase to the Ecumenical Temple.
  5106 | D:6      | Reached skill level 5 in Invocations
  5262 | D:6      | Found a sacrificial altar of Ru.
  5262 | D:6      | Found a blossoming altar of Fedhas.
  5314 | D:6      | Identified a scroll of acquirement
  5314 | D:6      | Acquired a +5 ring of evasion
  5479 | D:6      | Found Biruhar's Serpentskin Sales.
  5495 | D:6      | Bought 5 curare-tipped darts for 84 gold pieces
  5768 | D:6      | Killed arthad's ghost
  5769 | D:6      | Reached skill level 5 in Unarmed Combat
  5769 | D:6      | Reached XP level 9. HP: 44/72 MP: 11/13
  5793 | D:6      | Reached skill level 5 in Fighting
  5801 | D:6      | Identified the +7 chain mail of Too Many Cooks {-Cast rElec
                  | rPois Dex+4}
  6920 | D:8      | Identified the +8 short sword "Gofiqor" {flame, rC+}
  6938 | D:8      | Found an ornate altar of the Wu Jian Council.
  6976 | D:8      | Reached skill level 5 in Dodging
  7007 | D:8      | Reached skill level 6 in Unarmed Combat
  7207 | D:8      | Reached XP level 10. HP: 31/83 MP: 13/15
  7344 | D:8      | Found a flagged portal.
  7362 | Bailey   | Entered a bailey
  7595 | Bailey   | Noticed a vault guard
  7608 | Bailey   | Killed a vault guard
  7609 | Bailey   | Reached skill level 7 in Unarmed Combat
  7625 | Bailey   | Noticed a vault guard
  7625 | Bailey   | Noticed Prince Ribbit
  7647 | Bailey   | Killed a vault guard
  7659 | Bailey   | Killed Prince Ribbit
  8012 | D:8      | Found an opulent altar of Gozag.
  8016 | D:8      | Found an iron altar of Okawaru.
  8052 | D:8      | Reached XP level 11. HP: 61/91 MP: 17/17
  8231 | D:8      | Got Tenakal's Essays on the Ironbound Excursion
  8243 | D:8      | Learned a level 2 spell: Passwall
  8248 | D:8      | Learned a level 4 spell: Petrify
  8861 | D:9      | Reached skill level 5 in Earth Magic
  9235 | D:9      | Reached ****** piety under Elyvilon
  9531 | D:10     | Entered Level 10 of the Dungeon
  9531 | D:10     | Noticed Sonja
  9549 | D:10     | Killed Sonja
  9550 | D:10     | Reached skill level 8 in Unarmed Combat
  9867 | D:10     | Found a staircase to the Orcish Mines.
 10465 | D:10     | Noticed a two-headed ogre
 10473 | D:10     | Killed a two-headed ogre
 10523 | D:10     | Found a glowing silver altar of Zin.
 11520 | D:11     | Reached skill level 10 in Shapeshifting
 11708 | D:11     | Found a staircase to the Lair.
 11742 | D:11     | Found a glowing silver altar of Zin.
 11752 | D:11     | Noticed a two-headed ogre
 11763 | D:11     | Killed a two-headed ogre
 11924 | D:11     | Noticed a two-headed ogre
 11933 | D:11     | Killed a two-headed ogre
 11934 | D:11     | Reached skill level 9 in Unarmed Combat
 11963 | D:11     | Identified the +4 pair of boots "Heken" {rC+}
 12239 | D:11     | Reached XP level 12. HP: 103/103 MP: 18/18
 12477 | Lair:1   | Entered Level 1 of the Lair of Beasts
 13289 | Lair:1   | You fall into a shaft and drop 1 floor!
 13361 | Lair:2   | Reached skill level 1 in Transmutations
 13374 | Lair:2   | Reached skill level 1 in Spellcasting
 14020 | Lair:2   | Reached skill level 10 in Unarmed Combat
 14294 | Lair:2   | Found a staircase to the Swamp.
 14294 | Lair:2   | Noticed an eleionoma
 14309 | Lair:2   | Killed an eleionoma
 15032 | Lair:3   | Found a staircase to the Snake Pit.
 15076 | Lair:3   | Reached skill level 10 in Earth Magic
 15085 | Lair:3   | Reached XP level 13. HP: 77/111 MP: 20/20
 16024 | Lair:4   | Reached skill level 10 in Invocations
 16499 | Lair:4   | Found a staircase to the Slime Pits.
 16762 | Lair:4   | Reached skill level 11 in Unarmed Combat
 17670 | Lair:5   | Entered Level 5 of the Lair of Beasts
 17710 | Lair:5   | Reached skill level 10 in Fighting
 18101 | Lair:5   | Noticed Urug
 18118 | Lair:5   | Killed Urug
 18696 | Lair:5   | Noticed a dire elephant
 18696 | Lair:5   | Noticed a dire elephant
 18710 | Lair:5   | Killed a dire elephant
 18816 | Lair:5   | Identified the ring "Uteic" {rPois SInv}
 19921 | Lair:5   | Killed a dire elephant
 19922 | Lair:5   | Reached XP level 14. HP: 52/122 MP: 22/22
 20184 | Lair:5   | Reached skill level 12 in Unarmed Combat
 20786 | Orc:1    | Entered Level 1 of the Orcish Mines
 20797 | Orc:1    | Noticed Jorgrun
 20821 | Orc:1    | Killed Jorgrun
 21172 | Orc:1    | Found Nack's Antique Weapon Shop.
 21223 | Orc:1    | Found Kolofak's Distillery.
 21231 | Orc:1    | Bought a potion of haste for 150 gold pieces
 21231 | Orc:1    | Bought a potion of enlightenment for 75 gold pieces
 21397 | Orc:1    | Found Karymewk's Antique Weapon Shoppe.
 21609 | Orc:2    | Entered Level 2 of the Orcish Mines
 22110 | Orc:2    | Found a staircase to the Elven Halls.
 22287 | Orc:2    | Noticed an orc warlord
 22308 | Orc:2    | Killed an orc warlord
 23064 | Orc:2    | Found Cymneebb's Armour Boutique.
 23096 | Orc:2    | Found Zypaklucy's Distillery.
 23101 | Orc:2    | Found Viloth's General Store.
 23144 | Orc:2    | Bought a potion of haste for 120 gold pieces
 23144 | Orc:2    | Bought a scroll of teleportation for 36 gold pieces
 23144 | Orc:2    | Bought a scroll of teleportation for 36 gold pieces
 23148 | Orc:2    | Bought a potion of heal wounds for 65 gold pieces
 23148 | Orc:2    | Bought a potion of heal wounds for 65 gold pieces
 23148 | Orc:2    | Bought a potion of heal wounds for 65 gold pieces
 23148 | Orc:2    | Bought a potion of mutation for 104 gold pieces
 23148 | Orc:2    | Bought a potion of lignification for 39 gold pieces
 23158 | Orc:2    | Found Anoib's Armour Shoppe.
 23407 | Orc:2    | Found Yfeheyt's Overcharged Wands.
 24249 | D:12     | Noticed Erolcha
 24254 | D:12     | Killed Erolcha
 24536 | D:12     | Noticed Gastronok
 24547 | D:12     | Killed Gastronok
 24548 | D:12     | Reached skill level 13 in Unarmed Combat
 25288 | D:12     | Found a runed translucent gate.
 25289 | D:12     | Found a runed translucent gate.
 25290 | D:12     | Found a runed translucent gate.
 25291 | D:12     | Found an iron altar of Okawaru.
 25291 | D:12     | Noticed javelincjr's ghost (journeyman DsFE)
 25618 | D:11     | Reached XP level 15. HP: 129/130 MP: 23/23
 25621 | D:11     | Learned a level 2 spell: Blink
 25626 | D:11     | Learned a level 4 spell: Leda's Liquefaction
 25962 | D:11     | Killed javelincjr's ghost
 26143 | D:13     | Found Hieroi's Book Shoppe.
 26937 | D:14     | Reached skill level 10 in Dodging
 27344 | D:14     | Paralysed by something for 2 turns
 27486 | D:14     | Found a gate to the Vaults.
 28658 | D:15     | Entered Level 15 of the Dungeon
 28848 | D:15     | Reached skill level 14 in Unarmed Combat
 28948 | D:15     | Found a staircase to the Depths.
 29088 | D:15     | Noticed Louise
 29106 | D:15     | Killed Louise
 29389 | D:15     | Found an ornate altar of the Wu Jian Council.
 29985 | Snake:1  | Entered Level 1 of the Snake Pit
 29985 | Snake:1  | Noticed Kirke
 30110 | Lair:3   | Killed Kirke
 30260 | Snake:1  | Noticed Aizul
 30288 | Snake:1  | Killed Aizul
 30289 | Snake:1  | Reached skill level 15 in Earth Magic
 30880 | Snake:1  | Noticed Roxanne
 30901 | Snake:1  | Noticed Donald
 31346 | Snake:1  | Reached XP level 16. HP: 122/140 MP: 25/25
 31445 | Snake:1  | Killed Donald
 31737 | Snake:1  | Acquired the -1 pair of gloves "Wuzutiad" {rPois rF++
                  | Str+2}
 31907 | Snake:1  | You fall into a shaft and drop 1 floor!
 32255 | Snake:1  | Elyvilon protects you from harm!
 32258 | Snake:1  | Killed Roxanne
 33855 | Snake:2  | Found Foddorroppa's Antique Armour Shoppe.
 34823 | Snake:3  | Found Ewaneq's Distillery.
 34842 | Snake:3  | Bought 2 potions of heal wounds for 120 gold pieces
 34842 | Snake:3  | Bought a potion of heal wounds for 60 gold pieces
 34842 | Snake:3  | Bought a potion of berserk rage for 60 gold pieces
 35024 | Snake:3  | Reached skill level 15 in Unarmed Combat
 35827 | Snake:3  | Elyvilon protects you from harm!
 35832 | Snake:3  | HP: 8/185 [nagaraja/+0 whip (17)]
 35832 | Snake:3  | Elyvilon protects you from harm!
 36247 | Snake:3  | Found a hazy altar of Hepliaklqana.
 36820 | Snake:4  | Entered Level 4 of the Snake Pit
 37568 | Snake:4  | Reached XP level 17. HP: 81/150 MP: 26/26
 39368 | Snake:4  | Found Iropodovyt's Armour Shoppe.
 39429 | Snake:4  | Bought the +2 shield of Resistance {rF++ rC++ Will++} for
                  | 775 gold pieces
 39429 | Snake:4  | Found the +2 shield of Resistance {rF++ rC++ Will++}
 39686 | Snake:4  | Found Abiad's Assorted Antiques.
 39820 | Snake:4  | Reached skill level 16 in Unarmed Combat
 39990 | Snake:4  | HP: 3/150 [naga sharpshooter/arrow (21)]
 39992 | Snake:4  | Elyvilon protects you from harm!
 39992 | Snake:4  | HP: 1/150 [naga sharpshooter/arrow (18)]
 39992 | Snake:4  | Slain by a guardian serpent

Illustrated notes

Levels and vault maps discovered:
D:1:      dpeg_arrival_rooms_a, layout_loops_cross, basic_ecumenical_altar
D:2:      layout_basic
D:3:      minmay_roachtagon, layout_rooms
D:4:      layout_cave_pools, gammafunk_ghost_gnarly_gnolls
D:5:      layout_basic, nicolae_overflow_squiral, nicolae_shop_fire_sale
          [nicolae_sub_dead_trees]
D:6:      layout_rooms, mainiacjoe_overflow_small_starburst,
          mainiacjoe_overflow_divided_tiny, minmay_temple_entry_statues_pillars,
          gammafunk_ghost_split, minivault_5, guppyfry_shop_venom
D:7:      layout_basic
D:8:      layout_basic, mainiacjoe_overflow_brackets, jmf_multi_god_temple,
          enter_bailey_3
D:9:      layout_rooms, minmay_strange_pillars, serial_bayou_pond_b
D:10:     layout_basic, mainiacjoe_overflow_boulevard, zombieorc1_lemuel,
          uniq_sonja
D:11:     layout_long_grid, erik_lair_island, zin_academy
D:12:     layout_basic, gammafunk_ghost_fury_of_okawaru, uniq_gastronok,
          uniq_erolcha
D:13:     layout_basic, serial_shops, nicolae_book_shop_shelving
D:14:     layout_cave_pools, grunt_vaults_entry_fortified
D:15:     grunt_enter_depths_hoard, layout_irregular_city, abandoned_shop,
          minivault_16, nicolae_wu_jian_wuxing_cycle, uniq_louise
Lair:1:   layout_regular_city, minmay_lair_oklob_items, serial_bayou_shore_b,
          serial_bayou_shore_b, serial_bayou_shore_a
Lair:2:   layout_cave_pods, alex1729_swamp_entry_worm_eleionoma,
          nicolae_lair_run_with_the_wolves, serial_bayou_shore_b,
          serial_bayou_shore_b, grunt_megastairs_3
Lair:3:   layout_cave_pods, minmay_snake_entry_six_corridors,
          pdpol_lair_neglected_garden, beast_lair_carwin_3
Lair:4:   layout_layer_cave, slime_entry_1
Lair:5:   due_jungle_book, layout_regular_city, patterned_corridor, uniq_urug
Snake:1:  kennysheep_six_static_rooms, layout_misc_corridors, uniq_kirke,
          uniq_donald, uniq_roxanne, uniq_aizul
Snake:2:  layout_misc_corridors, serial_shops, shop,
          nicolae_snake_guarding_the_ruins, nicolae_integral_box
Snake:3:  hangedman_cross_stitches, layout_honeycomb, basic_altar, serial_shops,
          shop
Snake:4:  grunt_snake_rune_pools, layout_layer_cave, serial_shops,
          nicolae_shop_just_a_little_nook, grunt_megastairs_1, minmay_shop_star
Orc:1:    layout_caves, serial_shops, nicolae_shop_hallway_plus, shop, shop,
          nicolae_orc_rockfall, nicolae_orc_stony_grotto, uniq_jorgrun
Orc:2:    hellmonk_orc_salted, layout_caves, nicolae_shop_overcharged_wands

Skill      XL: |  1  2  3  4  5  6  7  8  9 10 11 12 13 14 15 16 17 |
---------------+----------------------------------------------------+-----
Shapeshifting  | 4 5 6 7 8 9 10 11 12 13 14 | 14.8
Invocations    | 1 2 3 5 6 8 9 10 11 12 13 | 13.6
Dodging        | 2 4 5 6 7 8 9 10 11 | 11.6
Fighting       | 2 4 6 7 8 9 10 11 12 13 | 13.6
Unarmed Combat | 5 6 7 9 10 11 13 14 15 16 | 16.0
Earth Magic    | 7 10 12 13 15 | 15.2
Transmutations | 2 3 |  3.0
Spellcasting   | 2 3 |  3.0

Action                     |  1- 3 |  4- 6 |  7- 9 | 10-12 | 13-15 | 16-18 || total
---------------------------+-------+-------+-------+-------+-------+-------++-------
  Melee: Unarmed           |    83 |   147 |   421 |  1085 |  1773 |   649 ||  4158
         Tailslap          |     8 |    12 |    81 |   206 |   432 |    90 ||   829
         Punch             |     1 |     6 |     1 |       |     1 |    69 ||    78
         Constrict         |       |       |       |       |     6 |       ||     6
   Cast: Petrify           |       |       |       |       |    44 |     9 ||    53
 Invoke: Heal Self         |       |       |       |     4 |    10 |    15 ||    29
         Heal Other        |       |       |       |     4 |     1 |       ||     5
         Purification      |       |       |       |       |     1 |       ||     1
         Divine Vigour     |       |       |       |       |       |     1 ||     1
Ability: Begin Untransform |       |       |     1 |       |       |       ||     1
  Evoke: Wand              |       |       |     2 |     6 |     2 |     1 ||    11
    Use: Scroll            |       |     9 |     8 |     9 |     4 |     5 ||    35
         Potion            |       |     4 |       |     2 |     6 |    12 ||    24
   Stab: Sleeping          |     3 |       |       |       |       |       ||     3
         Paralysed         |       |       |       |    11 |     7 |       ||    18
         Petrified         |       |       |       |       |    87 |       ||    87
         Petrifying        |       |       |       |       |     7 |       ||     7
 Armour: Skin              |    37 |    88 |   212 |   513 |   936 |   588 ||  2374
  Dodge: Dodged            |    52 |    92 |   271 |   970 |  1289 |   514 ||  3188
  Block: Other             |       |       |       |   190 |   358 |   169 ||   717
         Reflection        |       |       |       |     4 |    25 |    14 ||    43
   Form: Flux              |       |       |     1 |       |     1 |       ||     2
         Blade             |       |       |       |       |     1 |     1 ||     2
         Anaconda          |       |       |       |       |     1 |       ||     1
         Statue            |       |       |       |       |       |     1 ||     1

Table legend: (Time is in decaauts)
 A = Elapsed time spent in this place.
 B = Non-inter-level travel time spent in this place.
 C = Inter-level travel time spent in this place.
 D = Time resting spent in this place.
 E = Time spent auto-exploring this place.
 F = Levels seen in this place.
 G = Mean time per level.
                   A        B        C        D        E       F      G
               +--------+--------+--------+--------+--------+-----+--------+
         Total |  39319 |  38206 |   1113 |  12441 |  18577 |  27 | 1456.3 |
       Dungeon |  17529 |  16806 |    723 |   4555 |   8762 |  15 | 1168.6 |
          Lair |   8265 |   8005 |    260 |   1670 |   4949 |   5 | 1653.0 |
     Snake Pit |   9766 |   9698 |     68 |   4847 |   3454 |   4 | 2441.5 |
  Orcish Mines |   3298 |   3237 |     61 |   1360 |   1189 |   2 | 1649.0 |
        Bailey |    458 |    458 |      0 |      9 |    223 |   1 |  458.0 |
               +--------+--------+--------+--------+--------+-----+--------+

Top non-repeatable levels by time:
 Snake:3: 3734 daAuts
  Lair:5: 2922 daAuts
 Snake:1: 2538 daAuts
 Snake:4: 2174 daAuts
    D:11: 1944 daAuts
   Orc:2: 1880 daAuts
    D:10: 1785 daAuts
  Lair:4: 1653 daAuts
    D:14: 1563 daAuts
     D:5: 1426 daAuts
   Orc:1: 1417 daAuts
  Lair:3: 1367 daAuts
 Snake:2: 1319 daAuts
     D:4: 1308 daAuts
    D:12: 1234 daAuts
